AoeStats
← ngannv951

Arena

510244821Analyzed
3v3 RM · 1d ago on Sep 30, 2026· 83m 0s· 6 players
Game mode
Random Map
Map size
Normal (6 player)
Population
200
Speed
Normal
Resources
Standard
Victory
Conquest
Starting age
Dark Age
Ending age
Imperial Age
RankedLock teamsTeams togetherTeam positionsShared explorationLock speedFull tech treeHidden civsTurbo modeCheats
Victory
Defeat
🇺🇸 Bengalis · United States
742
+18
🇺🇸 Spanish · United States
687
+20
🇺🇸 Romans · United States
678
+21
🇵🇪 Khmer · Peru
805
-21
🇻🇳 Byzantines · Vietnam
792
-20
🇯🇵 Georgians · Japan
747
-18
MathKing777
4:35 Loom
10:46 Feudal Age
11:39 Double-Bit Axe
15:18 Wheelbarrow
21:20 Castle Age
19:13 Stone Mining
19:31 Gold Mining
21:44 Forging
21:41 Scale Barding Armor
22:19 Bow Saw
21:56 Horse Collar
22:38 Fletching
24:29 Hand Cart
24:06 Town Watch
25:30 Heavy Plow
26:16 Stone Shaft Mining
26:35 Bodkin Arrow
26:52 Treadmill Crane
27:15 Murder Holes
29:11 Chain Barding Armor
29:27 Iron Casting
32:52 Imperial Age
32:17 Masonry
32:13 Husbandry
32:24 Bloodlines
35:04 Crop Rotation
35:03 Conscription
34:53 Svan Towers
35:17 Ballistics
36:00 Chemistry
36:23 Bracer
37:26 Blast Furnace
38:38 Plate Barding Armor
40:59 Scale Mail Armor
41:00 Padded Archer Armor
43:12 Architecture
42:50 Siege Engineers
42:26 Elite Monaspa
46:40 Hoardings
56:18 Cavalier
57:17 Chain Mail Armor
61:32 Onager
66:56 Town Patrol
67:45 Caravan
70:49 Coinage
73:23 Fortified Wall
74:51 Banking
77:06 Arrowslits
76:54 Elite Skirmisher
78:29 Leather Archer Armor
77:57 Light Cavalry
83:31 Plate Mail Armor
Hugo2001
11:54 Feudal Age
14:35 Castle Age
15:09 Town Watch
16:41 Double-Bit Axe
24:21 Horse Collar
27:29 Imperial Age
26:03 Bow Saw
25:56 Heavy Plow
28:09 Tusk Swords
28:39 Loom
29:29 Elite Battle Elephant
30:21 Bloodlines
31:51 Wheelbarrow
31:28 Husbandry
31:41 Forging
31:37 Scale Barding Armor
32:04 Conscription
32:25 Town Patrol
33:18 Iron Casting
33:39 Chain Barding Armor
34:38 Crop Rotation
39:58 Blast Furnace
47:02 Plate Barding Armor
48:37 Fletching
50:59 Hand Cart
52:14 Pikeman
53:30 Halberdier
54:09 Bodkin Arrow
55:58 Bracer
56:00 Scale Mail Armor
66:12 Chain Mail Armor
66:30 Elite Skirmisher
72:28 Chemistry
71:48 Ballistics
79:25 Padded Archer Armor
82:12 Murder Holes
82:36 Leather Archer Armor
ngannv951
10:01 Feudal Age
10:30 Double-Bit Axe
17:01 Castle Age
15:26 Horse Collar
18:07 Bow Saw
18:00 Heavy Plow
23:04 Wheelbarrow
23:34 Stone Mining
29:26 Padded Archer Armor
29:16 Fletching
33:23 Imperial Age
31:35 Gold Mining
32:22 Stone Shaft Mining
32:22 Leather Archer Armor
32:02 Bodkin Arrow
32:19 Forging
32:26 Elite Skirmisher
34:41 Crop Rotation
35:13 Two-Man Saw
35:46 Husbandry
36:51 Gold Shaft Mining
38:40 Conscription
41:44 Scale Mail Armor
42:20 Iron Casting
41:50 Scale Barding Armor
42:23 Heavy Cavalry Archer
43:55 Cavalier
45:42 Thumb Ring
47:45 Paladin
49:31 Chain Mail Armor
49:37 Chain Barding Armor
49:12 Bodkin Arrow
55:10 Chemistry
54:23 Fortified Wall
54:07 Arrowslits
54:34 Caravan
55:08 Onager
57:51 Pikeman
58:31 Squires
65:27 Halberdier
65:54 Gambesons
66:44 Plate Mail Armor
66:50 Plate Barding Armor
runswithbeer644
11:03 Feudal Age
11:43 Double-Bit Axe
17:39 Castle Age
17:08 Stone Mining
18:40 Wheelbarrow
19:16 Bow Saw
20:02 Fortified Wall
22:11 Gambesons
22:26 Squires
22:12 Arson
22:48 Horse Collar
23:55 Stone Shaft Mining
25:24 Hand Cart
25:45 Fletching
26:06 Forging
25:45 Elite Skirmisher
28:42 Iron Casting
28:03 Bodkin Arrow
27:31 Pikeman
28:20 Thumb Ring
29:36 Gold Mining
30:17 Inquisition
30:27 Padded Archer Armor
30:28 Scale Mail Armor
30:48 Husbandry
31:47 Bloodlines
31:51 Scale Barding Armor
32:03 Leather Archer Armor
32:11 Caravan
32:45 Chain Mail Armor
33:01 Ballistics
32:40 Murder Holes
33:09 Ballistics
32:45 Murder Holes
36:31 Imperial Age
33:36 Light Cavalry
36:10 Heavy Plow
38:38 Chemistry
37:26 Arrowslits
38:41 Halberdier
41:36 Blast Furnace
40:37 Bracer
41:10 Plate Mail Armor
40:43 Bracer
41:14 Ring Archer Armor
41:05 Chain Barding Armor
56:13 Conscription
62:56 Man-at-Arms
63:42 Long Swordsman
64:28 Two-Handed Swordsman
65:26 Champion
81:49 Two-Man Saw
snpukwana
8:09 Loom
10:52 Feudal Age
11:26 Horse Collar
11:36 Double-Bit Axe
14:18 Wheelbarrow
17:53 Castle Age
16:20 Stone Mining
17:36 Man-at-Arms
18:18 Long Swordsman
21:30 Forging
23:02 Scale Mail Armor
24:12 Squires
24:53 Iron Casting
24:52 Loom
25:25 Gold Mining
27:42 Chain Mail Armor
31:04 Ballistics
30:39 Fletching
31:08 Hand Cart
35:34 Imperial Age
33:12 Bodkin Arrow
34:45 Fortified Wall
35:36 Ballistas
35:36 Legionary
37:21 Conscription
37:07 Murder Holes
38:14 Chemistry
38:06 Heavy Plow
38:21 Bow Saw
38:26 Town Watch
39:03 Heavy Scorpion
42:57 Blast Furnace
42:55 Masonry
43:20 Comitatenses
45:25 Siege Engineers
45:51 Architecture
48:08 Crop Rotation
47:19 Pikeman
48:22 Halberdier
50:23 Caravan
55:19 Capped Ram
62:23 Siege Ram
68:40 Elite Centurion
74:23 Padded Archer Armor
74:28 Scale Barding Armor
75:14 Coinage
75:00 Guilds
79:15 Chain Barding Armor
79:42 Banking
Cdubs33
2:05 Loom
13:03 Feudal Age
13:32 Double-Bit Axe
13:27 Horse Collar
21:28 Castle Age
19:34 Arson
20:25 Forging
21:00 Scale Mail Armor
20:58 Fletching
21:52 Stone Mining
22:27 Heavy Plow
22:51 Gold Mining
25:04 Gambesons
25:19 Squires
24:40 Pikeman
26:20 Wheelbarrow
27:54 Caravan
28:09 Scale Barding Armor
27:48 Elite Skirmisher
29:52 Bow Saw
31:56 Gold Shaft Mining
32:07 Bodkin Arrow
32:13 Padded Archer Armor
33:20 Bloodlines
33:10 Husbandry
33:59 Fervor
34:10 Hand Cart
33:42 Town Watch
35:37 Chain Barding Armor
35:53 Iron Casting
36:11 Ballistics
38:13 Town Patrol
39:42 Paiks
40:18 Leather Archer Armor
43:42 Imperial Age
42:34 Fortified Wall
42:35 Masonry
42:21 Murder Holes
42:30 Devotion
42:51 Sanctity
43:58 Guard Tower
44:19 Elite Battle Elephant
46:24 Conscription
47:23 Two-Man Saw
46:56 Crop Rotation
46:42 Elite Ratha (Ranged)
48:52 Mahayana
50:41 Siege Elephant
52:47 Halberdier
58:35 Plate Barding Armor
59:11 Blast Furnace
82:25 Bracer
82:56 Ring Archer Armor
82:43 Chain Mail Armor
Connection lost

Rejoining the realm…

Still unreachable

The connection could not be restored.

Session expired

The server has moved on; the page needs a fresh start.